 Dungeon Crawl Stone Soup version 0.30.0-5-g1a98f26d00 (webtiles) character file.

Game seed: 13652976112353689396

161 Irreverend the Shooter (level 5, -4/30 HPs)
             Began as a Deep Elf Hexslinger on May 10, 2023.
             Killed by divine providence
             ... invoked by an orc priest
              (13 damage)
             ... on level 3 of the Dungeon.
             The game lasted 00:05:25 (2106 turns).

Irreverend the Shooter (Deep Elf Hexslinger)        Turns: 2106, Time: 00:05:25

Health: -4/30      AC:  6    Str:  7    XL:     5   Next: 18%
Magic:  9/9        EV: 13    Int: 18    God:
Gold:   120        SH:  0    Dex: 17    Spells: 6/7 levels left

rFire   . . .        a - +1 sling
rCold   . . .        (no shield)
rNeg    . . .        h - +0 leather armour
rPois   .            (no helmet)
rElec   .            (no cloak)
rCorr   .            n - +2 pair of gloves
SInv    .            (no boots)
Will    .....        (no amulet)
Stlth   +            (no ring)
HPRegen 0.25/turn    (no ring)
MPRegen 0.11/turn

%: no passive effects
@: lethally poisoned (-4 -> -6)
A: no striking features
a: no special abilities


You were on level 3 of the Dungeon.
You visited 1 branch of the dungeon, and saw 3 of its levels.

You collected 120 gold pieces.

Inventory:

Hand Weapons
 a - a +1 sling (weapon)
Armour
 c - a +0 robe
 h - a +0 leather armour (worn)
 n - a +2 pair of gloves (worn)
Jewellery
 o - a ring of see invisible
Scrolls
 b - 2 scrolls of poison
 d - 3 scrolls of fog {unknown}
 g - a scroll of identify {unknown}
 m - 2 scrolls of vulnerability {unknown}
 q - a scroll of immolation {unknown}
Potions
 e - a potion of curing
 f - 2 potions of magic
 i - a potion of might {unknown}
 j - a potion of resistance {unknown}
 k - 2 potions of ambrosia {unknown}
 l - a potion of brilliance {unknown}
 p - a potion of heal wounds {unknown}
 r - a potion of mutation {unknown}


   Skills:
 + Level 2.0 Fighting
 * Level 5.4 Ranged Weapons
 + Level 3.8 Dodging
 - Level 1.5 Spellcasting
 - Level 4.0 Hexes


You had 6 spell levels left.
You knew the following spells:

 Your Spells              Type           Power      Damage    Failure   Level
a - Slow                  Hex            60%        N/A       5%          1

Your spell library contained the following spells:

 Spells                   Type           Power      Damage    Failure   Level
 Beastly Appendage        Tmut           2%         N/A       28%         1
 Sandblast                Erth           2%         2d4       28%         1
 Inner Flame              Hex/Fire       8%         N/A       36%         3
 Portal Projectile        Hex/Tloc       16%        N/A       36%         3
 Cigotuvi's Dreadful Rot  Necr/Pois/Air  2%         N/A       41%         2
 Passwall                 Tmut/Erth      0%         N/A       41%         2
 Poisonous Vapours        Pois/Air       2%         N/A       41%         2
 Wereblood                Tmut           1%         N/A       41%         2
 Cause Fear               Hex            7%         N/A       50%         4
 Hailstorm                Conj/Ice       1%         3d3       65%         3
 Ignite Poison            Fire/Tmut/Pois 1%         N/A       65%         3
 Spider Form              Tmut/Pois      1%         N/A       65%         3
 Stone Arrow              Conj/Erth      2%         3d7       65%         3
 Ice Form                 Ice/Tmut       1%         N/A       96%         4
 Alistair's Intoxication  Tmut/Pois      0%         N/A       100%        5
 Freezing Cloud           Conj/Ice/Air   0%         6-21      100%        5
 Simulacrum               Ice/Necr       0%         N/A       100%        6


Dungeon Overview and Level Annotations

Branches:
Dungeon (3/15)

Altars:
Fedhas


Message History

Press: ? - help, Shift-Dir - straight line, f/p - adder
Aim: an adder (heavily wounded, 44% to hit)
You shoot a sling bullet. The sling bullet hits the adder.
The adder is severely wounded.
The adder closely misses you. The adder bites you.
The orc drinks a potion.
The orc goes berserk!
Fire: a) +1 sling
Press: ? - help, Shift-Dir - straight line, f/p - adder
Aim: an adder (severely wounded, 44% to hit)
You shoot a sling bullet. The sling bullet misses the adder.
The sling bullet hits the hobgoblin.
You kill the hobgoblin!
The orc rages.
The adder bites you but does no damage.
Fire: a) +1 sling
Press: ? - help, Shift-Dir - straight line, f/p - adder
Aim: an adder (severely wounded, 44% to hit)
You shoot a sling bullet. The sling bullet hits the adder.
The adder is almost dead.
The adder bites you.
You are poisoned.
The adder poisons you! The adder barely misses you.
Fire: a) +1 sling
Press: ? - help, Shift-Dir - straight line, f/p - adder
Aim: an adder (almost dead, 44% to hit)
You shoot a sling bullet. The sling bullet hits the adder!
You kill the adder!
You feel sick.
The orc rages.
Fire: a) +1 sling
Press: ? - help, Shift-Dir - straight line, f - orc
Aim: an orc, wielding a +0 long sword and wearing a +0 leather armour (berserk, 62% to hit)
You shoot a sling bullet. The sling bullet barely misses the orc.
The sling bullet hits the orc.
The orc is moderately wounded.
You feel sick. The orc hits you with a +0 long sword.
* * * LOW HITPOINT WARNING * * *
The orc priest calls down the wrath of Beogh upon you.
Beogh smites you!
You die...

......# .....# .).#
##..##
#####o...####
#.o.goo......#
#o##########.# #o#
#.. #@# #.# #○#
#.#.# ##○# #.#.#
#§§# #.#.# #§§#
#.#.### #§☼#
#.#...# #§§#
#.#.#.###
#○§########.#......
#.............#####


You could see an orc priest and 2 orcs.

Vanquished Creatures
  Terence (D:2)
  Robin (D:2)
  3 adders (D:3)
  A worm (D:3)
  3 dart slugs (D:1)
  2 orcs (D:3)
  9 ball pythons
  8 endoplasms
  2 giant cockroaches
  13 goblins
  13 hobgoblins
  6 kobolds
  A quokka (D:2)
  7 bats
  3 frilled lizards
  9 rats
82 creatures vanquished.

Vanquished Creatures (others)
  A goblin (D:2)
1 creature vanquished.

Grand Total: 83 creatures vanquished

Notes
Turn   | Place    | Note
-------+----------+-------------------------------------------
     0 | D:1      | Irreverend the Deep Elf Hexslinger began the quest for the
                  | Orb.
     0 | D:1      | Reached XP level 1. HP: 11/11 MP: 5/5
    30 | D:1      | Reached skill level 3 in Ranged Weapons
    33 | D:1      | Reached skill level 1 in Fighting
    58 | D:1      | Reached XP level 2. HP: 16/16 MP: 6/6
   456 | D:1      | Reached XP level 3. HP: 20/20 MP: 7/7
   476 | D:1      | Reached skill level 4 in Ranged Weapons
  1229 | D:2      | Noticed Robin
  1270 | D:2      | Reached XP level 4. HP: 8/25 MP: 8/8
  1281 | D:2      | Killed Robin
  1407 | D:2      | Got the Precepts of the Blaze and Pestilence
  1473 | D:2      | Noticed Terence
  1569 | D:2      | Killed Terence
  1674 | D:2      | Reached skill level 5 in Ranged Weapons
  1853 | D:3      | Found a blossoming altar of Fedhas.
  1889 | D:3      | Reached XP level 5. HP: 14/30 MP: 9/9
  2106 | D:3      | Killed from afar by an orc priest

Illustrated notes

Levels and vault maps discovered:
D:1:      shiori_arrival_maze, layout_loops_ring, st_stairs_11,
          grunt_decor_mini_mirrors, minmay_octomino_c4
D:2:      layout_loops_cross, uniq_terence, uniq_robin
D:3:      layout_basic, fedhas_ov_isle_minmay, basic_ecumenical_altar,
          minmay_misc_feat_room, minmay_misc_feat_five, minivault_5,
          saegor_snake_ambush

Skill      XL: |  1  2  3  4 |
---------------+-------------+-----
Ranged Weapons | 3 4 5 |  5.4
Fighting       | 1 2 |  2.0
Dodging        | 3 |  3.8
Spellcasting   | |  1.5
Hexes          | |  4.0

Action                     |  1- 3 |  4- 6 || total
---------------------------+-------+-------++-------
   Fire: Sling             |   152 |   120 ||   272
   Cast: Slow              |       |    12 ||    12
    Use: Potion            |       |     2 ||     2
         Scroll            |       |     1 ||     1
 Armour: Robe              |     6 |       ||     6
         Leather armour    |    25 |    44 ||    69
  Dodge: Dodged            |    62 |    92 ||   154
